 Dungeon Crawl Stone Soup version 0.21.1-1-g345015f (webtiles) character file.

19156 Mesmaeker13 the Fighter (level 12, -2/106 HPs)
             Began as a Demigod Wanderer on Mar 4, 2018.
             Killed by the air
             ... invoked by Gastronok
              (31 damage)
             ... on level 2 of the Lair of Beasts.
             The game lasted 00:25:33 (14656 turns).

Mesmaeker13 the Fighter (Demigod Wanderer)         Turns: 14656, Time: 00:25:34

Health: -2/106     AC: 19    Str: 22    XL:     12   Next: 7%
Magic:  15/15      EV:  6    Int: 15    God:
Gold:   343        SH: 12    Dex: 17    Spells: 11/11 levels left

rFire    + . .     SeeInvis +   R - +8 flail of Wesuhad {venom, SInv}
rCold    + . .     Gourm    .   c - +0 shield
rNeg     . . .     Faith    .   I - +2 plate armour {rF+}
rPois    +         Spirit   .   l - +0 helmet
rElec    .         Reflect  .   (no cloak)
rCorr    .         Harm     .   B - +0 pair of gloves
MR       +....                  (no boots)
Stlth    ..........             (no amulet)
HPRegen  0.27/turn              G - ring of poison resistance
MPRegen  0.14/turn              g - ring of protection from cold

@: no status effects
A: high mp 1
a: no special abilities


You were on level 2 of the Lair of Beasts.
You were not hungry.

You visited 2 branches of the dungeon, and saw 12 of its levels.
You also visited: Sewer.

You collected 581 gold pieces.
You spent 238 gold pieces at shops.

Inventory:

Hand Weapons
 N - a +0 morningstar
 R - the +8 flail of Wesuhad (weapon) {venom, SInv}
   (You bought it in a shop on level 10 of the Dungeon)

   It poisons the flesh of those it strikes.
   It lets you see invisible.
Missiles
 J - a throwing net (quivered)
Armour
 c - a +0 shield (worn)
 l - a +0 helmet (worn)
 B - a +0 pair of gloves (worn)
 I - a +2 plate armour of fire resistance (worn)
Jewellery
 g - a ring of protection from cold (right hand)
 w - an uncursed ring of see invisible
 G - a ring of poison resistance (left hand)
Wands
 u - a wand of clouds (3)
 Q - a wand of iceblast (12)
Scrolls
 a - 4 scrolls of enchant armour
 d - 2 scrolls of noise {unknown}
 e - 3 scrolls of teleportation {unknown}
 h - 8 scrolls of remove curse
 i - 2 scrolls of blinking
 j - 3 scrolls of amnesia
 k - a scroll of magic mapping {unknown}
 p - a scroll of random uselessness {unknown}
 s - 2 scrolls of fog {unknown}
 y - 5 scrolls of fear
 z - a scroll of immolation {unknown}
 E - a scroll of enchant weapon {unknown}
 O - a scroll of summoning {unknown}
 T - a scroll of brand weapon {unknown}
Potions
 b - 3 potions of curing
 m - a potion of agility {unknown}
 n - a potion of mutation {unknown}
 o - 3 potions of flight {unknown}
 q - a potion of cancellation {unknown}
 r - 2 potions of ambrosia {unknown}
 v - a potion of resistance {unknown}
 x - 6 potions of heal wounds
 C - 2 potions of magic {unknown}
 D - a potion of haste {unknown}
 F - 8 potions of degeneration
 H - a potion of invisibility {unknown}
 K - a potion of brilliance {unknown}
 L - 4 potions of might {unknown}
 M - a potion of berserk rage {unknown}
Books
 t - a book of Changes

   Spells                             Type                      Level
   a - Beastly Appendage              Transmutation                1
   b - Sticks to Snakes               Transmutation                2
   c - Spider Form                    Transmutation/Poison         3
   d - Ice Form                       Ice/Transmutation            4
   e - Blade Hands                    Transmutation                5
 S - a book of Maledictions

   Spells                             Type                      Level
   a - Corona                         Hexes                        1
   b - Ensorcelled Hibernation        Hexes/Ice                    2
   c - Confuse                        Hexes                        3
   d - Tukima's Dance                 Hexes                        3
   e - Dazzling Spray                 Conjuration/Hexes            3
Miscellaneous
 A - a phantom mirror
Comestibles
 f - 25 rations
 P - 17 chunks of flesh


   Skills:
 + Level 9.8 Fighting
 + Level 9.3(9.6) Maces & Flails
   Level 1.0(2.4) Polearms
   Level 3.6(7.0) Staves
 + Level 9.5 Armour
 - Level 1.0 Dodging
 - Level 1.0 Stealth
 + Level 9.6 Shields


You had 11 spell levels left.
You didn't know any spells.

Dungeon Overview and Level Annotations

Branches:
Dungeon (10/15)            Temple (0/1) D:4            Lair (2/6) D:9
    Orc (0/2) D:10
  Swamp: Lair:2-4    Shoals: Lair:2-4     Snake: Lair:2-4    Spider: Lair:2-4

Shops:
D:4 [   D:5 }[!}   D:7 }   D:10 (

Annotations:
Lair:2 Gastronok


Innate Abilities, Weirdness & Mutations

You have an increased reservoir of magic. (+10% MP)


Message History

You hit Gastronok.
Gastronok looks as sick as possible!
Gastronok is heavily wounded.
You block the bat's attack. You block Gastronok's attack. The yak gores you!
You bludgeon Gastronok!!
Gastronok looks as sick as possible!
Gastronok is severely wounded.
You block the bat's attack. The yak barely misses you.
You hit Gastronok but do no damage.
Gastronok looks as sick as possible!
Gastronok is severely wounded.
The bat closely misses you. Gastronok bites you!! The yak gores you.
* * * LOW HITPOINT WARNING * * *
Unknown command.
You sock Gastronok!
Gastronok looks as sick as possible!
Gastronok is almost dead.
You block the bat's attack. The yak gores you but does no damage.
You sock Gastronok!
Gastronok looks as sick as possible!
Gastronok is almost dead.
You block the bat's attack.
Gastronok waves his eye-stalks in wide circles.
The air twists around and strikes you!
You die...

### ######## # ##.#
###.#....###.####
...#
#........†Yb....#
...#
##..###.#.@w#$....#
...####...#.#...b##
....#
#..#.#.#...####..#
Y..#
#................#
.Y.
...................
..
...........#PP##....
.
......##..######....
..(.####..# #...
...## ..#


You could see Gastronok, a yak and 2 bats.

Vanquished Creatures
  2 two-headed ogres
  5 death yaks (D:8)
  An unseen horror (D:10)
  A black mamba (Lair:1)
  Joseph (D:7)
  A guardian serpent (D:9)
  5 spiny frogs
  A troll (D:9)
  3 blink frogs
  6 hippogriffs
  The ghost of jazmu the Magician, an amateur OpWz (D:4)
  6 spriggans (Lair:1)
  12 yaks
  3 wyverns
  A basilisk (Lair:1)
  Menkaure (D:7)
  A hungry ghost (D:6)
  Edmund (D:6)
  5 water moccasins
  2 porcupines
  Purgy (Sewer)
  A necrophage (D:10)
  2 eyes of draining
  An ice beast (D:10)
  2 phantoms
  2 black bears
  4 sky beasts
  5 orc warriors
  4 ogres
  5 centaurs
  6 crocodiles
  A big kobold (D:8)
  6 bullfrogs
  A gnoll sergeant (D:4)
  A water moccasin skeleton (D:7)
  A scorpion (D:10)
  8 killer bees (D:8)
  3 howler monkeys
  3 crimson imps
  A bullfrog zombie (D:5)
  2 quasits
  4 hounds
  2 jellies (D:10)
  8 orc priests
  2 bullfrog skeletons
  3 centaur skeletons
  5 iguanas
  2 worker ants
  10 orc wizards
  A killer bee zombie (D:8)
  3 hound skeletons
  A worker ant zombie (D:8)
  Robin (D:1)
  13 gnolls
  A howler monkey skeleton (D:8)
  14 adders
  A shadow imp (D:5)
  An adder zombie (D:7)
  5 worms
  4 dart slugs
  A leopard gecko (D:10)
  37 orcs
  7 bats
  A bat skeleton (D:2)
  12 giant cockroaches
  10 hobgoblins
  2 jackals (D:5)
  7 kobolds
  4 quokkas
  4 ball pythons
  4 frilled lizards
  18 goblins
  A leopard gecko skeleton (D:8)
  A quokka skeleton (D:2)
  7 rats
316 creatures vanquished.

Vanquished Creatures (others)
  A fungus (Lair:2)
1 creature vanquished.

Grand Total: 317 creatures vanquished

Notes
Turn   | Place    | Note
-------+----------+-------------------------------------------
     0 | D:1      | Mesmaeker13 the Demigod Wanderer began the quest for the Orb.
     0 | D:1      | Mesmaeker13 set off with: a +2 quarterstaff, a potion of curing, a +0 shield, a +0 robe, a ration
     0 | D:1      | Reached XP level 1. HP: 17/17 MP: 3/3
   329 | D:1      | Reached XP level 2. HP: 23/24 MP: 4/4
   452 | D:1      | Reached skill level 1 in Armour
   925 | D:1      | Reached XP level 3. HP: 30/30 MP: 5/5
  1685 | D:2      | Noticed Robin
  1693 | D:1      | Killed Robin
  1694 | D:1      | Reached XP level 4. HP: 32/37 MP: 6/6
  2391 | D:3      | Reached skill level 1 in Maces & Flails
  2455 | D:3      | Reached XP level 5. HP: 45/45 MP: 7/7
  2730 | D:3      | Found a hide-covered altar of Uskayaw.
  3257 | D:4      | Noticed jazmu's ghost (amateur OpWz)
  3273 | D:4      | Found Puriuwi's Antique Armour Boutique.
  3368 | D:4      | Found a glowing drain.
  3436 | Sewer    | Entered a sewer
  3472 | Sewer    | Noticed Purgy
  3486 | Sewer    | Killed Purgy
  3486 | Sewer    | Reached XP level 6. HP: 41/51 MP: 8/8
  3591 | D:4      | Killed jazmu's ghost
  3655 | D:4      | Reached XP level 7. HP: 59/59 MP: 9/9
  3873 | D:4      | Found a staircase to the Ecumenical Temple.
  4372 | D:5      | Entered Level 5 of the Dungeon
  4471 | D:5      | Found a snail-covered altar of Cheibriados.
  4517 | D:5      | Found a shadowy altar of Dithmenos.
  4721 | D:5      | Found Ygax's Gadget Shop.
  4721 | D:5      | Found Losecsei's Gadget Shop.
  4727 | D:5      | Found Foamonk's Armour Shop.
  4727 | D:5      | Found Juots's Distillery.
  5096 | D:6      | Noticed Edmund
  5123 | D:6      | Reached XP level 8. HP: 62/67 MP: 10/10
  5130 | D:6      | Killed Edmund
  5130 | D:6      | Reached skill level 5 in Fighting
  5176 | D:6      | Found a sacrificial altar of Ru.
  5357 | D:6      | Found a burning altar of Makhleb.
  5357 | D:6      | Found an iron altar of Okawaru.
  5357 | D:6      | Found a hazy altar of Hepliaklqana.
  5358 | D:6      | Found a shimmering altar of Xom.
  5358 | D:6      | Found a basalt altar of Yredelemnul.
  5360 | D:6      | Found a radiant altar of Vehumet.
  5360 | D:6      | Found a white marble altar of Elyvilon.
  5361 | D:6      | Found a blossoming altar of Fedhas.
  5428 | D:6      | Found a sparkling altar of Nemelex Xobeh.
  5472 | D:6      | Reached skill level 5 in Shields
  5881 | D:6      | Reached skill level 5 in Armour
  6144 | D:7      | Noticed Joseph
  6163 | D:7      | Killed Joseph
  6163 | D:7      | Reached skill level 5 in Maces & Flails
  6169 | D:7      | Reached XP level 9. HP: 24/75 MP: 11/11
  6590 | D:7      | Found Dixtib's Gadget Emporium.
  6772 | D:7      | Noticed Menkaure
  6777 | D:7      | Killed Menkaure
  8888 | D:8      | Noticed a two-headed ogre
  8903 | D:8      | Killed a two-headed ogre
  8903 | D:8      | Reached XP level 10. HP: 69/86 MP: 13/13
  8998 | D:8      | Found a shattered altar of Ashenzari.
  9351 | D:9      | Noticed a death yak
  9352 | D:9      | Found a staircase to the Lair.
  9352 | D:9      | Noticed a death yak
  9352 | D:9      | Noticed a death yak
  9352 | D:9      | Noticed a death yak
  9353 | D:9      | Noticed a death yak
  9371 | D:9      | Noticed a death yak
  9389 | D:8      | Killed a death yak
  9534 | D:8      | Killed a death yak
  9558 | D:8      | Killed a death yak
  9738 | D:9      | Noticed a death yak
  9739 | D:9      | Noticed a death yak
 10521 | D:8      | Killed a death yak
 10557 | D:8      | Killed a death yak
 10557 | D:8      | Reached XP level 11. HP: 21/95 MP: 14/14
 11586 | D:10     | Entered Level 10 of the Dungeon
 11676 | D:10     | Noticed an unseen horror
 11687 | D:10     | Killed an unseen horror
 11823 | D:10     | Found Eheh's Antique Weapon Shoppe.
 11828 | D:10     | Bought a pitted flail for 238 gold pieces
 11830 | D:10     | Identified the +8 flail of Wesuhad {venom, SInv} (You bought it in a shop on level 10 of the Dungeon)
 11966 | D:10     | Noticed a two-headed ogre
 11977 | D:10     | Killed a two-headed ogre
 12610 | D:10     | Found a staircase to the Orcish Mines.
 12760 | Lair:1   | Entered Level 1 of the Lair of Beasts
 14526 | Lair:2   | Reached XP level 12. HP: 101/106 MP: 15/15
 14623 | Lair:2   | Noticed Gastronok
 14656 | Lair:2   | Killed from afar by Gastronok

Skill      XL: |  1  2  3  4  5  6  7  8  9 10 11 |
---------------+----------------------------------+-----
Fighting       | 2 3 4 6 7 8 9 |  9.8
Armour         | 1 2 3 4 5 7 8 9 |  9.5
Shields        | 2 3 4 5 7 8 9 |  9.6
Maces & Flails | 1 2 3 5 6 7 9 |  9.3
Polearms       | |  1.0
Staves         | |  3.6
Dodging        | |  1.0
Stealth        | |  1.0

Action                   |  1- 3 |  4- 6 |  7- 9 | 10-12 || total
-------------------------+-------+-------+-------+-------++-------
Melee: Quarterstaff      |   116 |       |       |       ||   116
       Whip              |       |   185 |   420 |   312 ||   917
       Flail             |       |       |       |   301 ||   301
Throw: Throwing net      |       |       |     2 |     1 ||     3
Evoke: Wand              |       |     1 |     1 |     2 ||     4
  Use: Scroll            |     2 |     2 |     3 |     3 ||    10
 Stab: Distracted        |     1 |       |       |       ||     1
       Sleeping          |     1 |       |       |       ||     1
       Confused          |       |     1 |       |     8 ||     9
       Held in net/web   |       |       |     2 |       ||     2
  Eat: Chunk             |     2 |     7 |     6 |    11 ||    26
       Ration            |       |       |     4 |     2 ||     6
Armor: Robe              |     4 |       |       |       ||     4
       Ring mail         |    43 |    63 |    40 |       ||   146
       Plate armour      |       |       |    95 |   221 ||   316
Dodge: Dodged            |    75 |    46 |    78 |    89 ||   288
Block: Shield            |       |    77 |   190 |   244 ||   511
